 Dungeon Crawl Stone Soup version 0.19-a0-1170-g18f0c96 (webtiles) character file.

28310 4thArraOfDagon the Brawler (level 13, -15/190 HPs)
             Began as a Troll Artificer on Aug 16, 2016.
             Was a High Priest of Dithmenos.
             Demolished by Saint Roka
             ... wielding a +2 war axe of chopping
              (21 damage)
             ... on level 2 of the Orcish Mines.
             The game lasted 00:34:27 (6441 turns).

4thArraOfDagon the Brawler (Troll Artificer)        Turns: 6441, Time: 00:34:27

Health: -15/190    AC: 26    Str: 23    XL:     13   Next: 9%
Magic:  18/18      EV:  1    Int: 13    God:    Dithmenos [*****.]
Gold:   923        SH:  0    Dex: 10    Spells: 1 memorised, 8 levels left

rFire  . . .     SeeInvis +       - Unarmed
rCold  . . .     Gourm    +     (armour currently unavailable)
rNeg   + + +     Faith    +     (no shield)
rPois  +         Spirit   .     (helmet currently unavailable)
rElec  .         Dismiss  .     (cloak currently unavailable)
rCorr  +         Reflect  .     (gloves unavailable)
MR     .....     Harm     .     (boots unavailable)
Stlth  ++........ NoTele   +    O - amulet of faith
                                v - ring of see invisible
                                s - ring of resist corrosion

@: tree-form, wreathed by umbra
A: unfitting armour, (claws 0), (horns 0), (yellow scales 0), clever 1, fast
metabolism 3, gourmand, (poison resistance), regeneration 2, (shaggy fur 0),
(electricity resistance), (tough skin 0), wild magic 1, MP-powered wands
a: Shadow Step, Shadow Form, Renounce Religion


You were on level 2 of the Orcish Mines.
You worshipped Dithmenos.
Dithmenos was extremely pleased with you.
You were full.
You were a tree.
You visited 3 branches of the dungeon, and saw 18 of its levels.
You also visited: Sewer.

You collected 923 gold pieces.

Inventory:

Hand Weapons
 x - a +2 hand axe of flaming
 L - a -1 blowgun
Missiles
 o - 4 curare-tipped needles
Armour
 b - a +0 robe
 F - a +1 cloak (melded)
 J - a +0 troll leather armour (melded)
 Q - a +0 robe of positive energy
Jewellery
 s - a ring of resist corrosion (left branch)
 u - an uncursed ring of flight
 v - a ring of see invisible (right branch)
 H - an uncursed ring of stealth
 O - an amulet of faith (around neck)
Wands
 a - a wand of polymorph (8/24)
 c - a wand of flame (15/48)
 d - a wand of enslavement (0/24)
 e - a wand of random effects (14/48)
 l - a wand of slowing (10/48)
 y - a wand of slowing (8/48)
 G - a wand of enslavement (5/24)
Scrolls
 i - a scroll of amnesia
 k - 2 scrolls of remove curse
 E - 2 scrolls of random uselessness
 M - a scroll of teleportation
Potions
 g - a potion of brilliance {unknown}
 j - a potion of berserk rage {unknown}
 m - a potion of magic
 p - 2 potions of cure mutation {unknown}
 r - a potion of curing
 t - a potion of lignification
 z - 4 potions of flight
 C - a potion of mutation {unknown}
 D - 3 potions of might {unknown}
 N - a potion of ambrosia {unknown}
 P - a potion of haste {unknown}
Comestibles
 f - 4 bread rations
 h - 6 meat rations
 A - 6 slices of pizza
 B - 2 royal jellies


   Skills:
 + Level 7.9 Fighting
   Level 0.7 Short Blades
 + Level 8.2 Dodging
 - Level 0.4 Stealth
 - Level 15.0 Unarmed Combat
 - Level 8.3 Invocations
 - Level 2.1 Evocations


You had 8 spell levels left.
You knew the following spells:

 Your Spells              Type           Power        Failure   Level  Hunger
a - Ice Form              Ice/Tmut       #.......     100%        4    #####..


Dungeon Overview and Level Annotations

Branches:
Dungeon (15/15)            Temple (1/1) D:7             Orc (2/2) D:10
    Elf (0/3) Orc:2        Vaults (0/5) D:14
   Lair: D:8-11      Depths: D:15

Altars:
Dithmenos
Elyvilon
Fedhas
Makhleb
Nemelex Xobeh
Okawaru
Qazlal
Sif Muna
Uskayaw
Zin
The Shining One

Shops:
D:6 %   D:7 [

Annotations:
Orc:2 Saint Roka


Innate Abilities, Weirdness & Mutations

You are too large for most types of armour.
((You have claws for hands.))
Your metabolism is lightning-fast.
You like to eat raw meat.
You heal very quickly.
((You are covered in fur. (AC +1)))
((You have very tough skin. (AC +2)))
((You have a pair of small horns on your head.))
((You are partially covered in yellow scales. (AC +2)))
Your mind is acute. (Int +2)
((Your system is resistant to poisons. (rPois)))
((You are resistant to electric shocks. (rElec)))
Your spells are a little harder to cast, but a little more powerful.
You expend magic power (3 MP) to strengthen your wands.


Message History

Saint Roka is severely wounded.
Saint Roka hits you with a war axe of chopping.
* * * LOW HITPOINT WARNING * * *
x2 Unknown command.
Unknown command.
Unknown command.
Unknown command.
It was a potion of flight.
Your roots keep you in place.
Saint Roka hits you with a war axe of chopping!
* * * LOW HITPOINT WARNING * * *
x2 Unknown command.
You hit Saint Roka but do no damage.
Saint Roka is severely wounded.
Unknown command.
You are stuck in your current form!
Unknown command.
You hit Saint Roka but do no damage.
Saint Roka is severely wounded.
Saint Roka hits you with a war axe of chopping!!
You die...

.......................#.#.......
.......................##.(...#..
.............................>...
..........................##....#
.......................)..#......
.......................†.........
.........#........#..(.........##
...................(...........##
...#............♣o......(.......#
....#.#.#.......##.........#...##
.#.###.................)........#
#### ##................))..#.....
#....)##..............#.#.## #
##..)##........#..##.....## .#
#...#)))....#.######....## ##
##.#..)........# ##....# #
####.......#.## ###.##


You could see Saint Roka.

Vanquished Creatures
  Gastronok (D:12)
  An ogre mage (D:15)
  A hydra (D:9)
  A death knight (D:15)
  An unseen horror (D:13)
  An orc knight (Orc:1)
  2 deep elf magi
  2 necromancers (D:14)
  8 hill giants
  2 orc sorcerers (Orc:2)
  An ugly thing (D:14)
  2 griffons
  A cyclops (D:12)
  Psyche (D:12)
  A komodo dragon (D:13)
  A mottled dragon (D:11)
  A kobold demonologist (D:11)
  9 trolls
  10 slime creatures
  3 two-headed ogres
  A vampire (D:13)
  A shadow (D:11)
  10 yaks
  3 wyverns
  A basilisk (D:14)
  7 vampire mosquitoes
  A hungry ghost (D:7)
  A hippogriff (D:14)
  A warg (Orc:2)
  2 soldier ants
  A black bear (D:12)
  13 orc warriors
  A necrophage (D:10)
  3 ice beasts
  3 sky beasts
  6 ogres
  17 centaurs
  5 big kobolds
  8 giant frogs
  A scorpion (D:12)
  4 killer bees
  4 wights
  2 howler monkeys
  9 crimson imps
  3 centaur zombies
  3 giant frog zombies
  A wasp zombie (D:11)
  2 jellies
  3 centaur skeletons
  11 orc priests
  4 hounds
  2 giant frog skeletons
  12 orc wizards
  6 worker ants
  2 sheep (D:9)
  2 hound skeletons
  6 adders
  4 shadow imps
  An adder zombie (D:9)
  A dart slug (D:2)
  2 giant geckos
  30 orcs
  6 ball pythons
  2 giant cockroaches
  A goblin (D:3)
  A hobgoblin (D:3)
  4 jackals (D:9)
  11 kobolds
  2 quokkas
  9 giant newts
  A quokka skeleton (D:4)
  A rat (D:3)
288 creatures vanquished.

Vanquished Creatures (collateral kills)
  An orb spider (D:14)
  A centaur zombie (D:11)
  A two-headed ogre (D:15)
  A slime creature (D:15)
  A water moccasin (D:15)
  An orc warrior (Orc:2)
  2 ogres
  2 killer bees (D:7)
  2 orcs
12 creatures vanquished.

Vanquished Creatures (others)
  A troll (D:15)
  A hungry ghost (D:10)
  2 vampire mosquitoes
  An orc warrior (D:11)
  A killer bee (D:7)
6 creatures vanquished.

Grand Total: 306 creatures vanquished

Notes
Turn   | Place    | Note
-------+----------+-------------------------------------------
     0 | D:1      | 4thArraOfDagon the Troll Artificer began the quest for the Orb.
     0 | D:1      | Reached XP level 1. HP: 18/18 MP: 1/1
     2 | D:1      | You fall through a shaft!
    11 | D:2      | Reached skill level 1 in Unarmed Combat
    94 | D:3      | Reached skill level 2 in Unarmed Combat
    94 | D:3      | Reached XP level 2. HP: 26/26 MP: 2/2
   248 | D:5      | Entered Level 5 of the Dungeon
   264 | D:5      | Noticed a crimson imp
   265 | D:5      | Noticed a crimson imp
   293 | D:5      | Reached skill level 3 in Unarmed Combat
   293 | D:5      | Reached XP level 3. HP: 22/32 MP: 3/3
   306 | D:5      | Reached XP level 4. HP: 30/40 MP: 4/4
   317 | D:5      | Reached skill level 4 in Unarmed Combat
   411 | D:6      | Found Oskeila's Food Boutique.
   463 | D:5      | Reached skill level 5 in Unarmed Combat
   463 | D:5      | Reached XP level 5. HP: 30/46 MP: 5/5
   504 | D:6      | Noticed an eye of draining
   507 | D:6      | Noticed a white ugly thing
   526 | D:6      | You fall through a shaft!
   536 | D:7      | Reached XP level 6. HP: 11/54 MP: 2/6
   544 | D:7      | Found a staircase to the Ecumenical Temple.
   564 | Temple   | Entered the Ecumenical Temple
   579 | Temple   | Became a worshipper of Dithmenos the Shadowed
   674 | D:6      | Reached skill level 6 in Unarmed Combat
   713 | D:6      | Found a glowing drain.
   726 | Sewer    | Entered a sewer
  1138 | D:7      | Reached skill level 7 in Unarmed Combat
  1184 | D:9      | Reached XP level 7. HP: 51/61 MP: 7/7
  1235 | D:9      | Reached * piety under Dithmenos
  1321 | D:9      | Noticed a yak
  1321 | D:9      | Noticed a yak
  1342 | D:9      | Reached skill level 8 in Unarmed Combat
  1347 | D:9      | Killed a yak
  1381 | D:9      | Killed a yak
  1381 | D:9      | Reached skill level 9 in Unarmed Combat
  1386 | D:9      | Reached XP level 8. HP: 32/68 MP: 8/8
  1447 | D:9      | Noticed a two-headed hydra
  1452 | D:9      | Killed a one-headed hydra
  1452 | D:9      | Reached skill level 11 in Unarmed Combat
  1624 | D:8      | Reached XP level 9. HP: 58/75 MP: 9/9
  1698 | D:7      | Found Idim's Antique Armour Emporium.
  1730 | D:7      | Reached skill level 12 in Unarmed Combat
  2132 | D:10     | Entered Level 10 of the Dungeon
  2257 | D:10     | Reached ** piety under Dithmenos
  2323 | D:10     | Reached skill level 13 in Unarmed Combat
  2361 | D:10     | Found a staircase to the Orcish Mines.
  2409 | D:10     | Learned a level 4 spell: Ice Form
  2521 | D:10     | Noticed a hill giant
  2528 | D:10     | Killed a hill giant
  2588 | D:10     | Reached XP level 10. HP: 26/83 MP: 10/10
  2595 | D:10     | Gained mutation: Your system is resistant to poisons. (rPois) [mutagenic meat]
  2598 | D:10     | Gained mutation: Your spells are a little harder to cast, but a little more powerful. [mutagenic meat]
  2601 | D:10     | Gained mutation: Your spells are harder to cast, but more powerful. [mutagenic meat]
  2604 | D:10     | Lost mutation: Your spells are harder to cast, but more powerful. [mutagenic meat]
  2607 | D:10     | Gained mutation: You are resistant to electric shocks. (rElec) [mutagenic meat]
  2610 | D:10     | Gained mutation: You expend magic power (3 MP) to strengthen your wands. [mutagenic meat]
  2783 | D:11     | jacquesderrida: Nee! Nee!
  2821 | D:11     | jacquesderrida: Orak the Great
  2830 | D:11     | Reached skill level 14 in Unarmed Combat
  2883 | D:11     | Noticed a rust devil
  2943 | D:11     | Reached *** piety under Dithmenos
  2983 | D:11     | Noticed a hill giant
  2991 | D:11     | You fall through a shaft!
  2991 | D:12     | Noticed a hill giant
  2993 | D:12     | Noticed a hill giant
  2997 | D:12     | Noticed a cyclops
  2997 | D:12     | jacquesderrida: wew
  3000 | D:11     | 4thArraOfDagon: :D
  3000 | D:11     | jacquesderrida: The realm of big mans
  3014 | D:11     | jacquesderrida: >>>>>>>>>>>>>>>big mans fortress vault
  3016 | D:11     | jacquesderrida: GOn b gud
  3031 | D:11     | Killed a hill giant
  3031 | D:11     | Reached skill level 15 in Unarmed Combat
  3098 | D:11     | Reached skill level 1 in Fighting
  3124 | D:11     | Reached skill level 1 in Invocations
  3419 | D:12     | Noticed Psyche
  3429 | D:12     | Killed Psyche
  3467 | D:12     | Killed a hill giant
  3467 | D:12     | Reached XP level 11. HP: 90/97 MP: 8/12
  3654 | D:12     | jacquesderrida: Took away all the rocks
  3699 | D:12     | Leszczynek: tactical layout
  3734 | D:13     | Noticed a hill giant
  3748 | D:13     | Reached **** piety under Dithmenos
  3767 | D:13     | Killed a hill giant
  3886 | D:13     | Noticed a griffon
  3910 | D:13     | Killed a griffon
  3949 | D:14     | Noticed a hill giant
  3957 | D:14     | Killed a hill giant
  3995 | D:14     | Noticed a griffon
  4004 | D:14     | Killed a griffon
  4023 | D:14     | Reached skill level 5 in Invocations
  4179 | D:14     | Reached skill level 5 in Dodging
  4201 | D:14     | Noticed a hill giant
  4202 | D:14     | Noticed Sonja
  4203 | D:14     | Noticed Sonja
  4203 | D:14     | Sonja changed into Sonja the orb spider
  4214 | D:14     | Killed Sonja the orb spider
  4214 | D:14     | Reached skill level 5 in Fighting
  4235 | D:14     | Killed a hill giant
  4387 | D:13     | Noticed an unseen horror
  4392 | D:13     | Killed an unseen horror
  4415 | D:13     | Noticed a deep elf mage
  4424 | D:13     | Killed a deep elf mage
  4477 | D:14     | Noticed a necromancer
  4488 | D:14     | Leszczynek: are you rushing statue form on all trolls now?
  4488 | D:14     | Reached XP level 12. HP: 111/111 MP: 15/15
  4521 | D:14     | Found a gate to the Vaults.
  4595 | D:15     | Entered Level 15 of the Dungeon
  4865 | D:15     | Noticed an ogre mage
  4872 | D:15     | Killed an ogre mage
  5039 | D:15     | Noticed a death knight
  5085 | D:15     | Killed a death knight
  5237 | D:14     | Gained mutation: You are partially covered in yellow scales. (AC +2) [mutagenic meat]
  5240 | D:14     | Gained mutation: Your mind is acute. (Int +2) [mutagenic meat]
  5243 | D:14     | Gained mutation: You have a pair of small horns on your head. [mutagenic meat]
  5408 | D:12     | Reached ***** piety under Dithmenos
  5494 | D:12     | Noticed Gastronok
  5508 | D:12     | Killed Gastronok
  5973 | Orc:1    | Entered Level 1 of the Orcish Mines
  6112 | Orc:2    | Entered Level 2 of the Orcish Mines
  6129 | Orc:1    | Reached XP level 13. HP: 69/127 MP: 18/18
  6327 | Orc:2    | Found a staircase to the Elven Halls.
  6373 | Orc:2    | Noticed Saint Roka
  6439 | Orc:2    | HP: 7/190 [Saint Roka/war axe of chopping (16)]
  6441 | Orc:2    | Demolished by Saint Roka

Vault maps used:
D:1:      scummos_arrival_star
D:2:      ecumenical_altar_1, first_bread, uniq_robin
D:4:      old_standard_altar
D:5:      black_bear_nest_2, glass_columns_c, minmay_misc_feat_columns
D:6:      serial_shops, nicolae_shop_crystal, portal_sewer_entry_a
D:7:      serial_shops, shop
D:8:      kennysheep_spiral_hall
D:9:      erik_lair_dragon, hangedman_ranch
D:10:     orc_david_3, hangedman_decor_points
D:11:     kennysheep_generic_room_14
D:12:     uniq_psyche, uniq_gastronok
D:14:     david_vaults_1, corexii_hall_statues_s, uniq_sonja
D:15:     grunt_enter_depths_snipers, portal_ice_cave_demonic_guard,
          minmay_misc_feat_roman, lemuel_hellish_altar
Temple:   grunt_wide_crystal_templ
Orc:2:    grunt_orc_cross
Sewer:    sewer_co_cracked_pipes

Skill      XL: |  1  2  3  4  5  6  7  8  9 10 11 12 13 |
---------------+----------------------------------------+-----
Unarmed Combat | 2 3 5 7 9 11 13 15 | 15.0
Fighting       | 3 5 7 |  7.9
Invocations    | 3 6 8 |  8.3
Dodging        | 3 5 7 8 |  8.2
Short Blades   | |  0.7
Stealth        | |  0.4
Evocations     | |  2.1

Action                   |  1- 3 |  4- 6 |  7- 9 | 10-12 | 13-15 || total
-------------------------+-------+-------+-------+-------+-------++-------
Melee: Unarmed           |    59 |    96 |   223 |   540 |    55 ||   973
       Punch             |     2 |     3 |    11 |    32 |     3 ||    51
       Hand axe          |       |       |     3 |       |       ||     3
       Headbutt          |       |       |       |    31 |     5 ||    36
 Fire: Blowgun           |       |       |       |       |     6 ||     6
Throw: Large rock        |       |       |       |    16 |     3 ||    19
Evoke: Wand              |       |       |    12 |    36 |       ||    48
       Box of beasts     |       |       |       |       |     1 ||     1
       Phantom mirror    |       |       |       |       |     1 ||     1
  Use: Scroll            |       |     2 |     3 |    15 |     2 ||    22
       Potion            |       |     3 |     1 |     1 |     6 ||    11
 Stab: Invisible         |       |     1 |       |       |       ||     1
       Sleeping          |       |     1 |       |       |       ||     1
       Distracted        |       |       |       |     1 |       ||     1
  Eat: Chunk             |     4 |    10 |    19 |    42 |     3 ||    78
       Pizza             |       |       |       |     1 |       ||     1
Armor: Robe              |    19 |    27 |    40 |    37 |       ||   123
       Troll leather arm |       |       |       |    89 |    11 ||   100
Dodge: Dodged            |    32 |    49 |   106 |   300 |    18 ||   505
